AoeStats
← Dom&Benito

Arena

508900672Analyzed
1v1 RM · 6d ago on Sep 24, 2026· 25m 20s· 2 players
Game mode
Random Map
Map size
Tiny (2 player)
Population
200
Speed
Normal
Resources
Standard
Victory
Conquest
Starting age
Dark Age
Ending age
Imperial Age
RankedLock teamsTeams togetherTeam positionsShared explorationLock speedFull tech treeHidden civsTurbo modeCheats
Victory
Defeat
🇨🇦 Franks · Canada
1188
+18
🇩🇪 Italians · Germany
1237
-18
Dom&Benito
11:14 Feudal Age
12:08 Double-Bit Axe
15:16 Castle Age
16:12 Bow Saw
16:24 Light Cavalry
25:05 Wheelbarrow
24:43 Loom
25:35 Wheelbarrow
Boblike
10:14 Loom
11:59 Feudal Age
14:21 Double-Bit Axe
14:19 Horse Collar
17:12 Castle Age
22:09 Imperial Age
20:15 Scale Mail Armor
19:46 Pikeman
20:42 Bow Saw
20:34 Heavy Plow
Connection lost

Rejoining the realm…

Still unreachable

The connection could not be restored.

Session expired

The server has moved on; the page needs a fresh start.